 Dungeon Crawl Stone Soup version 0.29-a0-468-ge57f7f99b4 (webtiles) character file.

Game seed: 474259440624767447

124 dolemite99 the Chopper (level 4, 0/39 HPs)
             Began as a Minotaur Fighter on May 22, 2022.
             Was an Initiate of Gozag.
             Killed by divine providence
             ... invoked by an orc priest
              (11 damage)
             ... on level 3 of the Dungeon.
             The game lasted 00:01:46 (2200 turns).

dolemite99 the Chopper (Minotaur Fighter)           Turns: 2200, Time: 00:01:46

Health: 0/39       AC: 10    Str: 23    XL:     4   Next: 81%
Magic:  3/3        EV:  7    Int:  5    God:    Gozag
Gold:   184        SH:  4    Dex:  9    Spells: 3/3 levels left

rFire   . . .      SeeInvis .   a - +0 war axe
rCold   . . .      Faith    .   c - +0 buckler
rNeg    . . .      Spirit   .   o - +0 chain mail
rPois   .          Reflect  .   (helmet restricted)
rElec   .          Harm     .   (no cloak)
rCorr   .          Rampage  .   f - +0 pair of gloves
Will    .....                   (no boots)
Stlth   ..........              (no amulet)
HPRegen 0.13/turn               (no ring)
MPRegen 0.08/turn               (no ring)

@: lethally poisoned (0 -> -5), about to teleport, gold aura
A: horns 2, retaliatory headbutt
a: Renounce Religion, Potion Petition, Call Merchant, Bribe Branch


You were on level 3 of the Dungeon.
You worshipped Gozag.
Gozag was aware of your devotion.
You visited 1 branch of the dungeon, and saw 3 of its levels.

You collected 184 gold pieces.

Inventory:

Hand Weapons
 a - a +0 war axe (weapon)
Missiles
 g - 6 poisoned darts (quivered)
 n - a curare-tipped dart
Armour
 b - a +0 scale mail
 c - a +0 buckler (worn)
 f - a +0 pair of gloves (worn)
 o - a +0 chain mail (worn)
Jewellery
 h - a ring of see invisible
 r - a +6 ring of intelligence
 s - an amulet of reflection
Wands
 j - a wand of polymorph (8)
Scrolls
 e - a scroll of enchant armour {unknown}
 i - a scroll of amnesia {unknown}
 k - a scroll of teleportation
 q - a scroll of fear {unknown}
 u - a scroll of poison {unknown}
Potions
 d - a potion of lignification {unknown}
 l - a potion of flight {unknown}
 p - a potion of attraction {unknown}
 t - a potion of resistance {unknown}


   Skills:
 - Level 3.6 Fighting
 + Level 6.2 Axes
 - Level 3.6 Armour
 - Level 3.6 Shields


You had 3 spell levels left.
You didn't know any spells.
Your spell library contained the following spells:

 Spells                   Type           Power      Damage    Failure   Level
 Magic Dart               Conj           0%         1d3       99%         1
 Call Imp                 Summ           0%         N/A       100%        2
 Mephitic Cloud           Conj/Pois/Air  0%         N/A       100%        3


Dungeon Overview and Level Annotations

Branches:
Dungeon (3/15)

Altars:
Gozag


Innate Abilities, Weirdness & Mutations

You have a pair of horns on your head.
You reflexively headbutt those who attack you in melee.


Message History

You are poisoned.
The adder poisons you!
The orc priest moves out of view.
The rat attacks as you move away! The rat bites you but does no damage.
You feel sick.
The gnoll shouts!
The orc priest mumbles some strange prayers to Beogh against you.
Beogh smites you!
* * * LOW HITPOINT WARNING * * *
It was a potion of curing.
You feel better. The rat bites you but does no damage.
The orc priest mumbles some strange prayers to Beogh against you.
Beogh smites you!
* * * LOW HITPOINT WARNING * * *
You block the adder's attack.
As you read the scroll of teleportation, it crumbles to dust.
You feel strangely unstable. The adder bites you but does no damage.
The rat bites you but does no damage.
The orc throws a boomerang.
The boomerang hits you but does no damage.
The orc wizard mumbles some strange words.
The orc wizard flickers and vanishes!
A goblin comes into view. It is wielding a +0 club.
The goblin hits you but does no damage.
You feel better.
The goblin shouts!
The frilled lizard hisses angrily.
The adder bites you.
You are poisoned.
The adder poisons you! The orc hits you but does no damage.
You block the rat's attack. The goblin hits you with a +0 dagger.
The adder barely misses you.
You hit the goblin.
The goblin is heavily wounded.
You hit the orc.
You kill the orc!
You barely miss the adder. You barely miss the rat.
You feel sick. The rat bites you but does no damage.
The orc throws a boomerang.
The boomerang completely misses you.
The orc priest mumbles some strange prayers to Beogh against you.
Beogh smites you!
You die...
Your body crumbles into a pile of gold.

........######
####
....l.S.'.....
...
#.......######
... #.......#
ro #........
#'########.#...
#.o...# #.#....
#.$..# # #....
#.@..## #.....
#grSg.###
#o.g..l.#
#...$.#.#
#.....# g.
#.....# ..
#.#.###
######.#'##
#.........# $


You could see an orc priest, 2 gnolls, an adder, 2 orcs, 2 goblins, a frilled
lizard and 2 rats.

Vanquished Creatures
  Terence (D:2)
  5 adders
  2 worms (D:2)
  3 orcs (D:3)
  5 ball pythons
  5 endoplasms
  A giant cockroach (D:2)
  7 goblins
  5 hobgoblins
  2 jackals (D:1)
  4 kobolds (D:1)
  A quokka (D:2)
  3 bats
  4 frilled lizards
  3 rats
51 creatures vanquished.

Notes
Turn   | Place    | Note
-------+----------+-------------------------------------------
     0 | D:1      | dolemite99 the Minotaur Fighter began the quest for the
                  | Orb.
     0 | D:1      | Reached XP level 1. HP: 19/19 MP: 0/0
   195 | D:1      | Reached skill level 3 in Axes
   216 | D:1      | Reached XP level 2. HP: 26/26 MP: 1/1
   379 | D:1      | Reached skill level 4 in Axes
  1198 | D:2      | Found a faded altar of an unknown god.
  1205 | D:2      | Prayed at the altar of an unknown god.
  1205 | D:2      | Became a worshipper of Gozag Ym Sagoz the Greedy
  1259 | D:2      | Reached XP level 3. HP: 31/31 MP: 2/2
  1494 | D:2      | Reached skill level 5 in Axes
  1503 | D:2      | Reached XP level 4. HP: 39/39 MP: 3/3
  1735 | D:2      | Noticed Terence
  1746 | D:2      | Killed Terence
  2181 | D:3      | Reached skill level 6 in Axes
  2200 | D:3      | Killed from afar by an orc priest

Illustrated notes

Levels and vault maps discovered:
D:1:      wander_arrival_abandoned_jail, layout_rooms, serial_curves,
          eino_curves_01, eino_curves_02, serial_bayou_pond_d,
          minmay_three_crescents
D:2:      layout_basic, dilly_ecumenical_altar_fadedgnrine, nrook_loot_triangle,
          uniq_terence
D:3:      layout_basic, minmay_misc_feat_five

Skill      XL: |  1  2  3  4 |
---------------+-------------+-----
Axes           | 3 4 5 6 |  6.2
Fighting       | |  3.6
Armour         | |  3.6
Shields        | |  3.6

Action                   |  1- 3 |  4- 6 || total
-------------------------+-------+-------++-------
Melee: War axe           |    67 |    33 ||   100
       Headbutt          |     6 |     6 ||    12
Throw: Dart              |    16 |     7 ||    23
  Use: Potion            |     1 |     2 ||     3
       Scroll            |       |     2 ||     2
Armor: Scale mail        |    37 |    10 ||    47
       Chain mail        |       |    22 ||    22
Dodge: Dodged            |    20 |    28 ||    48
Block: Buckler           |    15 |    13 ||    28

Table legend: (Time is in decaauts)
 A = Elapsed time spent in this place.
 B = Non-inter-level travel time spent in this place.
 C = Inter-level travel time spent in this place.
 D = Time resting spent in this place.
 E = Time spent auto-exploring this place.
 F = Levels seen in this place.
 G = Mean time per level.
                   A        B        C        D        E       F      G
               +--------+--------+--------+--------+--------+-----+--------+
         Total |   2231 |   2187 |     44 |    542 |   1210 |   3 |  743.7 |
       Dungeon |   2231 |   2187 |     44 |    542 |   1210 |   3 |  743.7 |
               +--------+--------+--------+--------+--------+-----+--------+

Top non-repeatable levels by time:
     D:1: 1202 daAuts
     D:2: 956 daAuts
     D:3: 72 daAuts
